 Dungeon Crawl Stone Soup version 0.25.1-8-g42b30a86e7 (webtiles) character file.

Game seed: 896977765248273956

390 Clowwww the Chopper (level 6, -1/47 HPs)
             Began as a Demonspawn Fighter on Dec 9, 2020.
             Slain by an ogre
             ... wielding a +0 giant club
              (22 damage)
             ... on level 4 of the Dungeon.
             The game lasted 00:05:53 (3071 turns).

Clowwww the Chopper (Demonspawn Fighter)            Turns: 3071, Time: 00:05:54

Health: -1/47      AC: 10    Str: 18    XL:     6   Next: 50%
Magic:  0/6        EV:  8    Int:  9    God:
Gold:   128        SH:  9    Dex: 13    Spells: 5/5 levels left

rFire    . . .     SeeInvis .   a - +0 war axe
rCold    . . .     Gourm    .   c - +0 kite shield
rNeg     . . .     Faith    .   n - +1 ring mail {rPois}
rPois    +         Spirit   +   l - +0 helmet
rElec    .         Reflect  .   (no cloak)
rCorr    .         Harm     .   (no gloves)
MR       .....                  j - +1 pair of boots
Stlth    +.........             (no amulet)
HPRegen  0.15/turn              (no ring)
MPRegen  0.20/turn              (no ring)

@: no status effects
A: magic shield, magic regeneration
a: no special abilities


You were on level 4 of the Dungeon.
You were hungry.

You visited 1 branch of the dungeon, and saw 4 of its levels.

You collected 128 gold pieces.

Inventory:

Hand Weapons
 a - a +0 war axe (weapon)
Missiles
 e - 3 javelins (quivered)
Armour
 c - a +0 kite shield (worn)
 j - a +1 pair of boots (worn)
 l - a +0 helmet (worn)
 n - a +1 ring mail of poison resistance (worn)
Wands
 k - a wand of random effects (23)
Scrolls
 i - a scroll of fear
 m - a scroll of identify {unknown}
Potions
 b - a potion of curing {unknown}
 g - 3 potions of stabbing {unknown}
 h - a potion of berserk rage {unknown}
 p - a potion of heal wounds {unknown}
Comestibles
 d - 3 chunks of flesh
 f - 6 rations


   Skills:
 + Level 3.6 Fighting
 + Level 4.2 Axes
 + Level 3.9 Armour
 + Level 1.2 Dodging
 + Level 0.4 Stealth
 + Level 3.8 Shields


You had 5 spell levels left.
You didn't know any spells.
Your spell library was empty.

Dungeon Overview and Level Annotations

Branches:
Dungeon (4/15)
 Temple: D:4-7

Altars:
Elyvilon
Gozag
Xom

Shops:
D:4 %


Innate Abilities, Weirdness & Mutations

When hurt, damage is shared between your health and your magic reserves.
You regenerate magic rapidly.


Message History

Aim: an ogre, wielding a +0 giant club You throw a javelin.
The javelin pierces through the ogre but does no damage.
The ogre hits you with a +0 giant club!!
Ouch! That really hurt!
Okay, then.
You hit the ogre but do no damage. You block the ogre's attack.
You hit the ogre.
The ogre is lightly wounded.
The ogre hits you with a +0 giant club.
You hit the ogre.
The ogre is lightly wounded.
You block the ogre's attack.
You barely miss the ogre.
The ogre is lightly wounded.
The ogre barely misses you.
Your shield and ring mail prevent you from hitting the ogre.
The ogre is lightly wounded.
The ogre hits you with a +0 giant club!!
You die...

#######....######....####.
#.......................†.
#.......######......#...#.
#..........# #......#...#.
+..........# #......#...#.
#....(.....# ########...#.
#..........# ######
######.....#### #...@....#
###.O....# #......#
#......# ##.....# #.....#
#.....# #(....#


You could see an ogre.

Vanquished Creatures
  An orc warrior (D:2)
  An orc wizard (D:4)
  2 worker ants (D:4)
  A hound skeleton (D:4)
  Robin (D:2)
  10 adders
  An ooze (D:1)
  3 worms
  A dart slug (D:2)
  3 leopard geckos
  11 orcs
  4 giant cockroaches
  5 hobgoblins
  3 jackals (D:1)
  3 kobolds (D:2)
  3 quokkas (D:2)
  7 bats
  6 frilled lizards
  15 goblins
  3 rats
84 creatures vanquished.

Notes
Turn   | Place    | Note
-------+----------+-------------------------------------------
     0 | D:1      | Clowwww the Demonspawn Fighter began the quest for the Orb.
     0 | D:1      | Reached XP level 1. HP: 18/18 MP: 1/1
    99 | D:1      | Gained mutation: When hurt, damage is shared between your
                  | health and your magic reserves. [demonic ancestry]
    99 | D:1      | Reached XP level 2. HP: 20/24 MP: 2/2
   281 | D:1      | Reached skill level 2 in Axes
   344 | D:1      | You fall into a shaft and drop 1 floor!
   361 | D:2      | Reached XP level 3. HP: 27/29 MP: 3/3
   520 | D:2      | Noticed an orc warrior
   528 | D:2      | Killed an orc warrior
   528 | D:2      | Reached skill level 3 in Axes
   528 | D:2      | Reached XP level 4. HP: 10/35 MP: 1/4
   528 | D:2      | Reached XP level 5. HP: 12/41 MP: 1/5
  1134 | D:2      | Noticed Robin
  1164 | D:2      | Killed Robin
  1397 | D:2      | Found a shimmering altar of Xom.
  2166 | D:3      | Found an opulent altar of Gozag.
  2825 | D:4      | Gained mutation: You regenerate magic rapidly. [demonic
                  | ancestry]
  2825 | D:4      | Reached XP level 6. HP: 47/47 MP: 6/6
  2875 | D:4      | Found Hamiasinell's Food Shoppe.
  2894 | D:4      | Reached skill level 4 in Axes
  2936 | D:4      | Found a white marble altar of Elyvilon.
  3053 | D:4      | Reached skill level 1 in Dodging
  3071 | D:4      | Slain by an ogre

Illustrated notes

Levels and vault maps discovered:
D:1:      dpeg_arrival_simpleton_b, layout_basic
D:2:      layout_loops_cross, kennysheep_minor_cross, xom_teletrap_fun,
          uniq_robin
D:3:      layout_loops_corners, first_ration, nicolae_gozag_seed_capital
D:4:      layout_basic, lemuel_doored_altar, serial_shops,
          nicolae_shop_statue_plus, uniq_duvessa

Skill      XL: |  1  2  3  4  5  6 |
---------------+-------------------+-----
Shields        | 3 |  3.8
Axes           | 2 3 4 |  4.2
Armour         | 3 |  3.9
Dodging        | 1 |  1.2
Fighting       | |  3.6
Stealth        | |  0.4

Action                   |  1- 3 |  4- 6 || total
-------------------------+-------+-------++-------
Melee: War axe           |    82 |   203 ||   285
Throw: Javelin           |       |     6 ||     6
  Use: Potion            |     1 |       ||     1
       Scroll            |       |     4 ||     4
  Eat: Chunk             |       |     7 ||     7
Armor: Scale mail        |    51 |    56 ||   107
       Ring mail         |       |    56 ||    56
Dodge: Dodged            |    24 |    70 ||    94
Block: Kite shield       |    51 |   108 ||   159
